 Dungeon Crawl Stone Soup version 0.29-a0-789-g7a8fcbc185 (webtiles) character file.

Game seed: 2912587138409556588

1865 kevlar127 the Ruffian (level 8, -11/83 HPs)
             Began as a Troll Berserker on July 2, 2022.
             Was a Believer of Trog.
             Mangled by an orc warrior
             ... wielding a +0 war axe
              (20 damage)
             ... on level 6 of the Dungeon.
             The game lasted 00:12:45 (5578 turns).

kevlar127 the Ruffian (Troll Berserker)             Turns: 5578, Time: 00:12:45

Health: -11/83     AC:  5    Str: 28    XL:     8   Next: 90%
Magic:  7/7        EV: 25    Int:  3    God:    Trog [**....]
Gold:   106        SH:  0    Dex:  9    Spells: 7/7 levels left

rFire   . . .      SeeInvis .     - Unarmed
rCold   . . .      Faith    .   (no shield)
rNeg    . . .      Spirit   .   a - +0 animal skin
rPois   .          Reflect  .   (helmet restricted)
rElec   .          Harm     .   p - +0 cloak
rCorr   .          Rampage  +   (gloves unavailable)
Will    .....                   (boots unavailable)
Stlth   +.........              H - amulet of Scepticism {Acrobat Rampage}
HPRegen 1.03/turn               (no ring)
MPRegen 0.10/turn               (no ring)

@: acrobatic
A: large, unfitting armour, claws 3, regeneration 1, shaggy fur 1, tough skin 1
a: Renounce Religion, Berserk, Trog's Hand


You were on level 6 of the Dungeon.
You worshipped Trog.
Trog was pleased with you.
You visited 1 branch of the dungeon, and saw 6 of its levels.

You collected 296 gold pieces.
You spent 190 gold pieces at shops.

Inventory:

Missiles
 g - 60 stones
 i - 4 atropa-tipped darts
 k - 3 boomerangs (quivered)
 v - 7 poisoned darts
Armour
 a - a +0 animal skin (worn)
 p - a +0 cloak (worn)
Jewellery
 H - the amulet of Scepticism (around neck) {Acrobat Rampage}
   (You found it on level 5 of the Dungeon)

   [amulet of the acrobat]

   It increases your evasion while moving and waiting.
   Rampage:   It bestows one free step when moving towards enemies.
Wands
 l - a wand of charming (4)
 w - a wand of iceblast (6)
 C - a wand of flame (5)
Scrolls
 b - 2 scrolls of identify {unknown}
 f - a scroll of fog {unknown}
 j - 4 scrolls of teleportation {unknown}
 n - 2 scrolls of enchant armour {unknown}
 o - 2 scrolls of immolation {unknown}
 r - a scroll of poison {unknown}
 s - a scroll of silence {unknown}
 x - 2 scrolls of fear {unknown}
 y - a scroll of vulnerability {unknown}
 A - a scroll of acquirement {unknown}
 D - 2 scrolls of amnesia {unknown}
 E - a scroll of brand weapon {unknown}
Potions
 c - 3 potions of magic {unknown}
 d - a potion of brilliance {unknown}
 e - a potion of flight {unknown}
 h - a potion of cancellation {unknown}
 m - 2 potions of mutation {unknown}
 q - 4 potions of curing
 t - a potion of attraction {unknown}
 u - 3 potions of heal wounds
 z - a potion of lignification {unknown}
 B - a potion of invisibility {unknown}
 F - a potion of degeneration
 G - a potion of haste


   Skills:
 + Level 6.2 Fighting
 + Level 4.4 Throwing
 - Level 2.0 Armour
 - Level 3.0 Dodging
 + Level 7.5 Unarmed Combat


You had 7 spell levels left.
You didn't know any spells.
Your spell library was empty.

Dungeon Overview and Level Annotations

Branches:
Dungeon (6/15)
 Temple: D:4-7

Altars:

Shops:
D:2 !


Innate Abilities, Weirdness & Mutations

You are too large for most types of armour.
You have claws for hands.
Your natural rate of healing is unusually fast.
You are covered in fur. (AC +1)
You have tough skin. (AC +1)


Message History

You barely miss the orc warrior.
The orc wizard shouts!
The kobold hits you but does no damage.
The orc priest miscasts a cantrip.
The orc warrior hits you with a +0 war axe.
The kobold attacks as you move away!
The kobold hits you with a +0 short sword.
You scratch the orc warrior but do no damage.
You scratch the orc warrior.
The orc warrior is moderately wounded.
The orc warrior hits you with a +0 war axe!!
You claw the orc warrior!
The orc warrior is heavily wounded.
The orc warrior hits you with a +0 war axe.
You closely miss the kobold. Your claw misses the kobold.
The orc warrior hits you with a +0 war axe!
The kobold hits you with a +0 club. The orc misses you.
The orc priest looks braver for a moment.
The kobold hits you with a +0 short sword.
Unknown command.
You claw the kobold!
You kill the kobold!
Trog accepts your kill.
The orc warrior hits you with a +0 war axe!
* * * LOW HITPOINT WARNING * * *
The orc barely misses you.
The orc priest invokes the aid of Beogh against you.
Beogh smites you!
* * * LOW HITPOINT WARNING * * *
The kobold barely misses you. The kobold attacks as you move away!
The kobold barely misses you.
The orc wizard gestures wildly while chanting.
The orc wizard flickers and vanishes!
Deactivating autopickup; reactivate with Ctrl-A.
The orc attacks as you move away! The orc hits you with a +0 hand axe.
* * * LOW HITPOINT WARNING * * *
The kobold hits you with a +0 club.
* * * LOW HITPOINT WARNING * * *
The orc warrior hits you with a +0 war axe!!
You die...

########### ###.........
####.........#
#............# ##
#......#.....# #.....#.
......)K.W...+ +.....#.
#......#Ks...# ##.....#.
#....o.#oo...###.##.....#.
.......#.@.......##.....#.
.......######.#####.....#.
....... #.#####.....##
...#### #.....'...<.# ...
#######.....## #.......#
#..###.## #...#....
##..#.#..


You could see an orc warrior, a phantom, a scorpion, an orc and 2 kobolds.

Vanquished Creatures
  Pikel (D:5)
  Grinder (D:4)
  A water moccasin (D:4)
  A black bear (D:6)
  A centaur (D:5)
  3 ogres
  4 lemures (D:4)
  A kobold brigand (D:6)
  2 howler monkeys
  2 jellies (D:4)
  2 hounds (D:5)
  A bouda (D:4)
  4 iguanas
  Ijyb (D:5)
  2 orc wizards
  6 adders
  7 gnolls (D:4)
  An ufetubus (D:6)
  2 dart slugs
  12 orcs
  2 ball pythons
  9 endoplasms
  6 giant cockroaches
  4 hobgoblins
  2 jackals (D:1)
  A quokka (D:1)
  6 bats
  A frilled lizard (D:1)
  5 goblins
  8 kobolds
  3 rats
102 creatures vanquished.

Notes
Turn   | Place    | Note
-------+----------+-------------------------------------------
     0 | D:1      | kevlar127 the Troll Berserker began the quest for the Orb.
     0 | D:1      | Reached XP level 1. HP: 22/22 MP: 0/0
   101 | D:1      | Reached XP level 2. HP: 29/29 MP: 1/1
   353 | D:1      | Found a faded altar of an unknown god.
  1069 | D:2      | Reached XP level 3. HP: 36/36 MP: 2/2
  1307 | D:2      | Found Ipoinet's Distillery.
  1505 | D:3      | Reached ** piety under Trog
  2087 | D:3      | Reached skill level 1 in Throwing
  2087 | D:3      | Reached XP level 4. HP: 45/45 MP: 3/3
  2177 | D:4      | Noticed a water moccasin
  2193 | D:4      | Killed a water moccasin
  2194 | D:4      | Reached skill level 4 in Unarmed Combat
  2194 | D:4      | Reached XP level 5. HP: 28/53 MP: 4/4
  2418 | D:4      | Reached XP level 6. HP: 53/62 MP: 5/5
  2849 | D:4      | Noticed Grinder
  2851 | D:4      | Paralysed by Grinder for 4 turns
  2890 | D:5      | Entered Level 5 of the Dungeon
  3454 | D:5      | Noticed Ijyb
  3463 | D:5      | Reached skill level 5 in Unarmed Combat
  3473 | D:5      | Killed Ijyb
  3730 | D:5      | Reached XP level 7. HP: 62/71 MP: 6/6
  3909 | D:5      | Noticed Pikel
  4007 | D:4      | Reached skill level 6 in Unarmed Combat
  4292 | D:4      | Killed Grinder
  4293 | D:4      | Reached skill level 5 in Fighting
  4421 | D:4      | Reached XP level 8. HP: 78/81 MP: 7/7
  4616 | D:2      | Bought a potion of degeneration for 10 gold pieces
  4616 | D:2      | Bought a potion of curing for 30 gold pieces
  4616 | D:2      | Bought a potion of heal wounds for 50 gold pieces
  4616 | D:2      | Bought a potion of haste for 100 gold pieces
  5062 | D:5      | Identified the amulet of Scepticism {Acrobat Rampage}
  5083 | D:5      | Killed Pikel
  5084 | D:5      | Reached skill level 1 in Armour
  5084 | D:5      | Reached skill level 7 in Unarmed Combat
  5578 | D:6      | Mangled by an orc warrior

Illustrated notes

Levels and vault maps discovered:
D:1:      amcnicky_arrival_wind_blow, layout_basic,
          dreamdust_ecumenical_altar_statues, minmay_tall_x
D:2:      layout_basic, serial_shops, nicolae_square_shop
D:3:      layout_loops_cross, minmay_fractal_squares_gapless_5
D:4:      layout_loops_ring, uniq_grinder
D:5:      layout_gridville, uniq_pikel, uniq_ijyb
D:6:      layout_basic, tgw_trog, nicolae_qazlal_general_emergency

Skill      XL: |  1  2  3  4  5  6  7  8 |
---------------+-------------------------+-----
Dodging        | 3 |  3.0
Fighting       | 3 4 5 6 |  6.2
Throwing       | 1 2 3 4 |  4.4
Unarmed Combat | 4 5 6 7 |  7.5
Armour         | 2 |  2.0

Action                   |  1- 3 |  4- 6 |  7- 9 || total
-------------------------+-------+-------+-------++-------
Melee: Unarmed           |   122 |   106 |   113 ||   341
       Punch             |     2 |       |     5 ||     7
Throw: Stone             |       |       |     1 ||     1
       Boomerang         |       |       |    26 ||    26
Invok: Berserk           |       |     3 |     2 ||     5
       Trog's Hand       |       |     2 |     2 ||     4
 Stab: Sleeping          |       |     1 |       ||     1
Armor: Animal skin       |    37 |    28 |    24 ||    89
Dodge: Dodged            |    70 |    36 |    58 ||   164

Table legend: (Time is in decaauts)
 A = Elapsed time spent in this place.
 B = Non-inter-level travel time spent in this place.
 C = Inter-level travel time spent in this place.
 D = Time resting spent in this place.
 E = Time spent auto-exploring this place.
 F = Levels seen in this place.
 G = Mean time per level.
                   A        B        C        D        E       F      G
               +--------+--------+--------+--------+--------+-----+--------+
         Total |   5599 |   5167 |    432 |   1262 |   3098 |   6 |  933.2 |
       Dungeon |   5599 |   5167 |    432 |   1262 |   3098 |   6 |  933.2 |
               +--------+--------+--------+--------+--------+-----+--------+

Top non-repeatable levels by time:
     D:5: 1561 daAuts
     D:4: 1457 daAuts
     D:3: 823 daAuts
     D:2: 797 daAuts
     D:1: 749 daAuts
     D:6: 211 daAuts
